 Dungeon Crawl Stone Soup version 0.23-a0-402-g64599a10a2 (webtiles) character file.

244 GordonOverkill the Conjurer (level 6, 0/36 HPs)
             Began as an Octopode Conjurer on Nov 4, 2018.
             Slain by an orc wizard
             ... wielding a +0 dagger
              (5 damage)
             ... on level 4 of the Dungeon.
             The game lasted 00:08:31 (4030 turns).

GordonOverkill the Conjurer (Octopode Conjurer)     Turns: 4030, Time: 00:08:32

Health: 0/36       AC:  1    Str:  7    XL:     6   Next: 10%
Magic:  10/10      EV: 14    Int: 20    God:
Gold:   136        SH:  0    Dex: 12    Spells: 8/11 levels left

rFire    + . .     SeeInvis .   b - +1 dagger (venom)
rCold    . . .     Gourm    .   (no shield)
rNeg     . . .     Faith    .   (helmet restricted)
rPois    .         Spirit   .   m - amulet of inaccuracy (curse)
rElec    .         Reflect  .   c - ring of protection from fire
rCorr    .         Harm     .   (no ring)
MR       .....                  (no ring)
Stlth    ++++......             (no ring)
HPRegen  0.12/turn              (no ring)
MPRegen  0.12/turn              (no ring)
                                (no ring)
                                (no ring)

@: no status effects
A: almost no armour, stealthy swim, amphibious, 8 rings, constrict 8, camouflage
1, gelatinous body 1
a: no special abilities


You were on level 4 of the Dungeon.
You were hungry.

You visited 1 branch of the dungeon, and saw 4 of its levels.

You collected 136 gold pieces.

Inventory:

Hand Weapons
 a - a +0 hunting sling
 b - a +1 dagger of venom (weapon)
Missiles
 g - 2 tomahawks
 h - 111 stones (quivered)
Jewellery
 c - a ring of protection from fire (left tentacle)
 m - a cursed amulet of inaccuracy (around mantle)
Wands
 o - a wand of polymorph (7)
Scrolls
 d - a scroll of fear
 p - 2 scrolls of identify
Potions
 f - 2 potions of berserk rage
 i - a potion of cancellation {unknown}
 j - a potion of degeneration {unknown}
 k - a potion of haste
 l - 2 potions of mutation {unknown}
 n - 2 potions of ambrosia {unknown}
Comestibles
 e - 7 rations
 q - 3 chunks of flesh


   Skills:
 + Level 3.4 Dodging
 + Level 5.0 Stealth
 + Level 3.2 Spellcasting
 + Level 5.0 Conjurations


You had 8 spell levels left.
You knew the following spells:

 Your Spells              Type           Power        Failure   Level  Hunger
a - Magic Dart            Conj           ###.         1%          1    None
b - Searing Ray           Conj           ###...       2%          2    ##.....

Your spell library contained the following spells:

 Spells                   Type           Power        Failure   Level  Hunger
 Confusing Touch          Hex            #.....       14%         1    None
 Conjure Flame            Conj/Fire      ##......     16%         3    ###....
 Dazzling Spray           Conj/Hex       ##....       16%         3    ###....
 Iskenderun's Mystic Bla  Conj           ###.....     19%         4    ####...
 Blink                    Tloc           N/A          22%         2    ##.....
 Call Imp                 Summ           #.......     22%         2    ##.....
 Slow                     Hex            #.......     22%         2    ##.....
 Mephitic Cloud           Conj/Pois/Air  #.......     22%         3    ###....
 Confuse                  Hex            #.......     38%         3    ###....
 Gell's Gravitas          Tloc           #.........   38%         3    ###....
 Force Lance              Conj/Tloc      ##......     45%         4    ####...
 Fulminant Prism          Conj/Hex       ##........   45%         4    ####...
 Petrify                  Tmut/Erth      #.......     80%         4    ####...
 Metabolic Englaciation   Hex/Ice        #.........   98%         5    ######.
 Yara's Violent Unravell  Hex/Tmut       #.........   98%         5    ######.


Dungeon Overview and Level Annotations

Branches:
Dungeon (4/15)
 Temple: D:4-7

Altars:

Annotations:
D:4 3 runed doors, Shaidar's ghost, amateur MiBe


Innate Abilities, Weirdness & Mutations

You cannot wear most types of armour.
You are very stealthy in the water. (Stealth+)
You are amphibious.
You can wear up to eight rings at the same time.
You can use your tentacles to constrict eight enemies at once.
Your skin changes colour to match your surroundings (Stealth+).
Your rubbery body absorbs attacks. (AC +1, EV +1)


Message History

The orc priest is almost dead.
You constrict the orc priest.
You kill the orc priest!
Your Stealth skill increases to level 5!
Your Conjurations skill increases to level 5!
You have reached level 6!
Your experience leads to an increase in your attributes!
Increase (S)trength, (I)ntelligence, or (D)exterity?
You feel clever.
The orc wizard hits you with a +0 dagger.
* * * LOW HITPOINT WARNING * * *
The orc hits you but does no damage.
The orc wizard hits you with a +0 dagger.
* * * LOW HITPOINT WARNING * * *
You are feeling hungry.
You hit the orc wizard.
The orc wizard is poisoned.
Your grab misses the orc wizard.
The orc wizard is moderately wounded.
The orc wizard hits you with a +0 dagger.
You die...

######### #.# #...
#.......# #.# #..#
#.#####.# #.### #..##
........# #.#.. ....
#.#####.# #.#.# #..#
#.# #.# #.#.# #).# #.#
#.# #.#.# #..# #.#
#.####...###..# ..#
#.#.......@oo.# ###
#.#.#########.#
#.#.#....w..#.#
#.#.#..$?...#.#
#######.#.#..#.#..#.#
........#.#.#...#.#.#
###.###...#..#.#..#...
#.# ##..#.......#.##
#.# #..#h.....


You could see an orc wizard, a dart slug and an orc.

Vanquished Creatures
  An orc priest (D:4)
  Jessica (D:3)
  Ijyb (D:3)
  An orc wizard (D:3)
  3 adders
  3 worms
  5 dart slugs
  3 leopard geckos
  6 orcs
  8 giant cockroaches
  11 hobgoblins
  5 jackals (D:3)
  7 kobolds
  A quokka (D:2)
  6 bats
  6 frilled lizards
  8 goblins
  10 rats
86 creatures vanquished.

Notes
Turn   | Place    | Note
-------+----------+-------------------------------------------
     0 | D:1      | GordonOverkill the Octopode Conjurer began the quest for
                  | the Orb.
     0 | D:1      | Reached XP level 1. HP: 11/11 MP: 3/3
   164 | D:1      | Reached XP level 2. HP: 17/17 MP: 1/5
   602 | D:1      | Reached XP level 3. HP: 21/21 MP: 2/6
   643 | D:1      | Learned a level 2 spell: Searing Ray
  1131 | D:2      | Found a faded altar of an unknown god.
  1477 | D:2      | Reached XP level 4. HP: 27/27 MP: 0/7
  2617 | D:3      | Noticed Jessica
  2642 | D:3      | Killed Jessica
  2642 | D:3      | Reached XP level 5. HP: 18/31 MP: 9/9
  3116 | D:3      | Noticed Ijyb
  3144 | D:3      | Killed Ijyb
  3690 | D:4      | Noticed a phantom
  3850 | D:4      | Found a runed gate.
  3850 | D:4      | Found a runed gate.
  3850 | D:4      | Found a runed gate.
  3850 | D:4      | Noticed an ice beast
  3854 | D:4      | Noticed Shaidar's ghost (amateur MiBe)
  4026 | D:4      | Reached skill level 5 in Stealth
  4026 | D:4      | Reached skill level 5 in Conjurations
  4026 | D:4      | Reached XP level 6. HP: 10/36 MP: 10/10
  4030 | D:4      | Slain by an orc wizard

Vault maps used:
D:1:      dpeg_arrival_tiny_j
D:2:      first_ration, chequers_ecumenical_altar_island,
          kennysheep_generic_room_7
D:3:      kennysheep_the_goblin_king, uniq_jessica
D:4:      serial_shops, nicolae_shop_window_shopping, gammafunk_ghost_split,
          vehumet_altar_wand_db

Skill      XL: |  1  2  3  4  5 |
---------------+----------------+-----
Stealth        | 3 4 5 |  5.0
Dodging        | 3 |  3.4
Spellcasting   | 3 |  3.2
Conjurations   | 5 |  5.0

Action                   |  1- 3 |  4- 6 || total
-------------------------+-------+-------++-------
Melee: Unarmed           |     2 |       ||     2
       Constrict         |     4 |    24 ||    28
       Tentacles         |     4 |    13 ||    17
       Club              |    10 |     3 ||    13
       Mace              |       |    29 ||    29
       Short sword       |       |     3 ||     3
       Dagger            |       |    74 ||    74
 Fire: Hunting sling     |     3 |     4 ||     7
 Cast: Magic Dart        |    71 |    40 ||   111
       Searing Ray       |     1 |     1 ||     2
  Use: Scroll            |       |     5 ||     5
 Stab: Sleeping          |     1 |     4 ||     5
  Eat: Chunk             |     2 |     8 ||    10
Armor: Skin              |     1 |     7 ||     8
Dodge: Dodged            |     6 |    69 ||    75

Table legend:
 A = Non-vault XP
 B = Vault XP
 C = Vault XP percentage of total XP
 D = Non-vault monster count
 E = Vault monster count
 F = Vault count percentage of total count
                 A         B        C        D         E       F
            +---------+---------+-------+---------+---------+-------
      Total |     262 |      87 |  24.9 |      75 |      11 |  12.8
            +---------+---------+-------+---------+---------+-------
        D:1 |      52 |       0 |   0.0 |      25 |       0 |   0.0
        D:2 |      66 |       6 |   8.3 |      23 |       3 |  11.5
        D:3 |      89 |      81 |  47.6 |      22 |       8 |  26.7
        D:4 |      55 |       0 |   0.0 |       5 |       0 |   0.0
            +---------+---------+-------+---------+---------+-------
